 Dungeon Crawl Stone Soup version 0.29.1-4-g47bece8355 (webtiles) character file.

Game seed: 11464931942491642366

580 GigaChad the Covered (level 7, -3/60 HPs)
             Began as a Minotaur Fighter on Dec 5, 2022.
             Was an Initiate of Ashenzari.
             Slain by Sigmund
             ... wielding a +0 scythe
              (6 damage)
             ... on level 5 of the Dungeon.
             The game lasted 00:07:14 (13365 turns).

GigaChad the Covered (Minotaur Fighter)            Turns: 13365, Time: 00:07:14

Health: -3/60      AC:  9    Str: 23    XL:     7   Next: 13%
Magic:  6/6        EV: 10    Int:  5    God:    Ashenzari [......]
Gold:   179        SH:  4    Dex:  9    Spells: 6/6 levels left

rFire   . . .      SeeInvis .   a - +0 war axe
rCold   . . .      Faith    .   c - +0 buckler
rNeg    . . .      Spirit   .   b - +0 scale mail
rPois   .          Reflect  .   (helmet restricted)
rElec   .          Harm     .   k - +0 cloak of Apeoromancy {Bglg, Evo} (curse)
rCorr   .          Rampage  .   (no gloves)
Will    .....                   (no boots)
Stlth   ..........              (no amulet)
HPRegen 0.20/turn               (no ring)
MPRegen 0.10/turn               (no ring)

@: no status effects
A: horns 2, retaliatory headbutt
a: Renounce Religion, Shatter the Chains


You were on level 5 of the Dungeon.
You worshipped Ashenzari.
Ashenzari was noncommittal.
You visited 1 branch of the dungeon, and saw 5 of its levels.

You collected 179 gold pieces.

Inventory:

Hand Weapons
 a - a +0 war axe (weapon)
Armour
 b - a +0 scale mail (worn)
 c - a +0 buckler (worn)
 k - the cursed +0 cloak of Apeoromancy (worn) {Bglg, Evo}
   (You found it on level 1 of the Dungeon)

   It has a curse which improves the following skills: Beguiling: Conjurations,
   Hexes and Translocations.
   Evocations: Evocations.
Jewellery
 u - the ring of the Fiend {Fire rCorr Str+7}
   (You found it on level 5 of the Dungeon)

   [ring of fire]

   It enhances your fire magic.
   Str:       It affects your strength (+7).
   rF:        It protects you from fire.
   rC:        It makes you vulnerable to cold.
   rCorr:     It protects you from acid and corrosion.
Wands
 q - a wand of flame (24)
 r - a wand of digging (7)
Scrolls
 h - 4 scrolls of teleportation {unknown}
 i - a scroll of amnesia {unknown}
 j - a scroll of torment {unknown}
 l - 4 scrolls of identify {unknown}
 n - a scroll of summoning {unknown}
 o - a scroll of magic mapping {unknown}
 t - a scroll of fog {unknown}
Potions
 d - 2 potions of might
 e - 4 potions of invisibility {unknown}
 f - 2 potions of curing {unknown}
 g - a potion of heal wounds {unknown}
 m - a potion of mutation {unknown}
 p - a potion of cancellation {unknown}
 s - a potion of brilliance {unknown}


   Skills:
 + Level 4.9 Fighting
 + Level 6.1 Axes
 + Level 6.4 Armour
 + Level 1.6 Dodging
 + Level 0.4 Stealth
 + Level 4.2 Shields


You had 6 spell levels left.
You didn't know any spells.
Your spell library contained the following spells:

 Spells                   Type           Power      Damage    Failure   Level
 Conjure Flame            Conj/Fire      0%         6-21      99%         3
 Ignite Poison            Fire/Tmut/Pois 0%         N/A       99%         3
 Sticky Flame             Conj/Fire      0%         2d3       100%        4


Dungeon Overview and Level Annotations

Branches:
Dungeon (5/15)
 Temple: D:4-7

Altars:
Ashenzari
Makhleb

Shops:
D:1 [=

Annotations:
D:5 Sigmund


Innate Abilities, Weirdness & Mutations

You have a pair of horns on your head.
You reflexively headbutt those who attack you in melee.


Message History

Something hits you but does no damage.
Your Axes skill increases to level 6!
You have reached level 7!
The jelly hits you but does no damage.
You hit the jelly.
Your hands burn!
The jelly is almost dead.
Something hits you. You block the jelly's attack.
You slash the jelly!
You kill the jelly!
A magic dart appears from out of thin air!
The magic dart hits you!
* * * LOW HITPOINT WARNING * * *
Something hits you.
* * * LOW HITPOINT WARNING * * *
You miss something.
You hear some strange, mumbled words.
A magic dart appears from out of thin air!
The magic dart hits you.
* * * LOW HITPOINT WARNING * * *
You slash something!
You hear a zap.
A puff of flame appears from out of thin air!
The puff of flame misses you.
You barely miss something.
You hear some strange, mumbled words.
Something tries to affect you, but you resist.
You hear some strange, mumbled words.
A magic dart appears from out of thin air!
The magic dart hits you.
* * * LOW HITPOINT WARNING * * *
You barely miss something. You headbutt something. Something hits you!
* * * LOW HITPOINT WARNING * * *
You miss something.
You hear some strange, mumbled words.
Something tries to affect you, but you resist.
You completely miss something. Something hits you but does no damage.
You closely miss something. Something hits you but does no damage.
You closely miss something. You hit something. Something hits you.
You die...

. .. ... .. ....
#.#### .....
##...#.##
.....#####..#....)
........##..#^...(
......{@..........
...###.).#........
..###.#.#.......#
.(....#..†..##..
............#...
......##........
...$..##..#.....#
.....#....##....#
...####<..# ....#


There were no monsters in sight!

Vanquished Creatures
  2 black bears
  An ogre (D:5)
  A howler monkey (D:4)
  A hound (D:4)
  2 jellies
  Natasha (thrice) (D:3)
  3 adders (D:2)
  2 worms
  A dart slug (D:3)
  2 orcs (D:4)
  12 ball pythons
  7 bats
  2 endoplasms
  3 giant cockroaches
  6 goblins
  4 hobgoblins
  10 jackals
  5 quokkas
  7 kobolds
  4 rats (D:1)
78 creatures vanquished.

Notes
Turn   | Place    | Note
-------+----------+-------------------------------------------
     0 | D:1      | GigaChad the Minotaur Fighter began the quest for the Orb.
     0 | D:1      | Reached XP level 1. HP: 19/19 MP: 0/0
    71 | D:1      | Reached XP level 2. HP: 26/27 MP: 1/1
   114 | D:1      | Found Ramaudgh's Armour Emporium.
   911 | D:1      | Found Huting's One-of-a-Kind Rings.
  1063 | D:2      | Reached XP level 3. HP: 25/33 MP: 2/2
 10976 | D:2      | Glimpsed the power of Zot.
 11476 | D:2      | Glimpsed the power of Zot.
 11516 | D:3      | Noticed Natasha
 11522 | D:3      | Killed Natasha
 11523 | D:3      | Reached XP level 4. HP: 27/40 MP: 3/3
 11715 | D:3      | Reached skill level 5 in Armour
 11853 | D:3      | Found a broken altar of Ashenzari.
 11909 | D:3      | Noticed Natasha
 11919 | D:3      | Killed Natasha
 11920 | D:3      | Reached XP level 5. HP: 32/46 MP: 4/4
 11944 | D:3      | Became a worshipper of Ashenzari the Shackled
 11955 | D:3      | Noticed Natasha
 11968 | D:3      | Killed Natasha
 12698 | D:4      | Reached skill level 1 in Dodging
 12698 | D:4      | Reached XP level 6. HP: 51/53 MP: 5/5
 12824 | D:4      | Reached skill level 5 in Axes
 12918 | D:4      | Found a burning altar of Makhleb.
 13019 | D:4      | Identified the +1 leather armour "Kytienal" {Harm rPois
                  | Int+4 Dex-2}
 13215 | D:5      | Entered Level 5 of the Dungeon
 13215 | D:5      | Noticed an ice beast
 13239 | D:5      | Identified the ring of the Fiend {Fire rCorr Str+7}
 13345 | D:5      | Noticed Sigmund
 13353 | D:5      | Reached XP level 7. HP: 27/60 MP: 6/6
 13360 | D:5      | HP: 2/60 [something (7)]
 13365 | D:5      | Slain by Sigmund

Illustrated notes

Levels and vault maps discovered:
D:1:      amcnicky_arrival_choice, layout_basic, serial_shops,
          nicolae_shop_behind_doors, nicolae_shop_unique_rings,
          minmay_misc_feat_secret_circle
D:2:      layout_basic, basic_ecumenical_altar, corexii_shack,
          minmay_pentomino_r4
D:3:      layout_loops_ring, amcnicky_altar_gilded, kennysheep_generic_room_10,
          uniq_natasha
D:4:      layout_gridville, mainiacjoe_overflow_catwalk
D:5:      layout_cave_pools, grunt_temple_overflow_order_and_chaos_1,
          mainiacjoe_overflow_chevrons, minmay_temple_entry_poolview,
          uniq_sigmund, uniq_menkaure

Skill      XL: |  1  2  3  4  5  6 |
---------------+-------------------+-----
Armour         | 4 5 6 |  6.4
Fighting       | 4 |  4.9
Axes           | 3 4 6 |  6.1
Shields        | 4 |  4.2
Dodging        | 1 |  1.6
Stealth        | |  0.4

Action                   |  1- 3 |  4- 6 |  7- 9 || total
-------------------------+-------+-------+-------++-------
Melee: War axe           |    63 |    81 |    11 ||   155
       Headbutt          |    10 |     9 |     1 ||    20
Invok: Curse Item        |       |     1 |       ||     1
Armor: Scale mail        |    54 |    61 |     3 ||   118
Dodge: Dodged            |    47 |    51 |     1 ||    99
Block: Buckler           |    28 |    18 |     1 ||    47
